Map: Catalyst LE

Players

Wardi

  • Race: Terran Terran
  • Spawn Location: 5:00

HellraiseR - Winner!

  • Race: Protoss Protoss
  • Spawn Location: 11:00

Event: WCS Valencia 2018

VOD

Have the link to the VOD?

Description

Time

  • Played on: July 12, 2018, 6:14 a.m.
  • Length: 9:19

All games in this series

Show
View Real Time Build Order
Export as new Build Order

Wardi Terran 

Build Orders: Reaper Expand, MMM Bio 

Get SALT Encoding   

  12  0:00  SCV  
  13  0:12  SCV  
  14  0:17  Supply Depot  
  14  0:24  SCV  
  15  0:38  SCV  
  15  0:39  Barracks  
  16  0:44  Refinery  
  16  0:51  SCV  
  17  1:03  SCV  
  18  1:17  SCV  
  19  1:29  Reaper  
  19  1:30  Orbital Command  
  20  1:49  Command Center  
  20  1:55  SCV  
  21  2:02  Barracks Reactor  
  21  2:10  SCV  
  21  2:11  Barracks  
  22  2:19  Supply Depot  
  22  2:24  SCV  
  23  2:34  Factory  
  23  2:36  Refinery  
  23  2:40  SCV  
  23  2:41  Marine x2  
  26  2:49  Bunker  
  26  2:53  SCV  
  26  2:57  Barracks Tech Lab  
  27  3:02  Orbital Command  
  27  3:07  SCV  
  27  3:08  Marine  
  27  3:26  Marine  
  27  3:27  Stimpack, Marine  
  28  3:28  SCV x2  
  28  3:34  Marine  
  31  3:39  Starport  
  32  3:43  Factory Reactor  
  32  3:51  SCV x2  
  32  3:52  Marine x3  
  36  4:00  Engineering Bay  
  36  4:02  Supply Depot  
  36  4:03  SCV x2  
  37  4:19  Marine x2  
  37  4:22  SCV x2  
  41  4:27  Missile Turret  
  41  4:28  Medivac, Marine  
  41  4:29  Medivac  
  41  4:30  Factory Reactor  
  46  4:35  SCV x2, Refinery  
  48  4:40  Marine x2  
  48  4:43  Missile Turret  
  50  4:47  SCV  
  50  4:48  SCV  
  50  4:51  Terran Infantry Weapons Level 1  
  52  4:55  Marine  
  52  4:59  SCV  
  54  5:15  Starport Reactor  
  54  5:16  Supply Depot  
  54  5:17  Barracks  
  54  5:18  Supply Depot  
  54  5:27  Barracks  
  54  5:29  Combat Shields  
  54  5:32  SCV  
  54  5:34  SCV  
  53  5:37  Widow Mine  
  53  5:38  Widow Mine  
  52  5:44  Marine x2, Marauder  
  52  5:46  SCV  
  52  5:47  SCV  
  58  5:51  Barracks  
  58  5:58  SCV  
  58  5:59  Widow Mine, Medivac x2  
  58  6:01  SCV  
  66  6:05  Supply Depot  
  66  6:09  Marine x3  
  66  6:10  SCV  
  70  6:19  Barracks Tech Lab  
  70  6:26  Marine  
  70  6:27  Widow Mine x2, SCV, Marauder  
  70  6:30  Supply Depot  
  70  6:32  Supply Depot  
  78  6:51  SCV, Marine x5  
  78  6:52  Marauder  
  78  6:53  SCV  
  78  6:54  Widow Mine x2, Marauder  
  93  6:57  Liberator  
  90  7:04  SCV  
  90  7:05  SCV  
  90  7:06  Supply Depot  
  90  7:07  Supply Depot  
  92  7:09  Supply Depot, Marine  
  92  7:10  Liberator  
  92  7:12  Refinery  
  92  7:13  Marauder  
  92  7:15  Marauder  
  100  7:16  SCV  
  100  7:17  SCV  
  100  7:22  Barracks Tech Lab  
  102  7:27  Marine x4  
  102  7:28  SCV  
  110  7:36  Marine x2  
  112  7:37  Widow Mine  
  114  7:54  Marauder  
  114  7:55  Marauder  
  114  7:58  Marine x4  
  118  7:59  Widow Mine, Marauder  
  126  8:16  Liberator  
  126  8:17  Liberator  
  126  8:19  Marine  
  126  8:22  Marine x2  
  126  8:25  Widow Mine  
  126  8:26  Marauder  
  126  8:27  Marauder  
  126  8:29  Marine x2  
  126  8:34  Supply Depot  
  126  8:35  Widow Mine  
  126  8:38  Marauder  
  120  8:47  Marine x3, Marauder  
  120  8:48  Marauder  
  112  8:54  Marine  
  106  8:55  Widow Mine  
  106  8:56  Widow Mine  
Show
View Real Time Build Order
Export as new Build Order

HellraiseR Protoss - Winner!

Build Orders: 1 Gate Expand, Oracle Opening 

Get SALT Encoding   

  12  0:00  Probe  
  13  0:12  Probe  
  14  0:19  Pylon  
  14  0:22  Probe  
  15  0:33  Probe  
  15  0:37  Gateway  
  16  0:43  Probe  
  16  0:47  Assimilator  
  17  0:55  Probe  
  18  1:07  Probe  
  19  1:22  Nexus  
  19  1:25  Probe  
  20  1:36  Cybernetics Core  
  20  1:37  Probe  
  21  1:43  Assimilator  
  21  1:49  Probe  
  21  1:52  Pylon  
  22  2:01  Probe  
  22  2:03  Adept  
  23  2:09  Probe  
  26  2:17  Probe  
  27  2:24  Stargate  
  27  2:28  Probe  
  28  2:30  Adept, Probe  
  31  2:39  Warp Gate  
  31  2:40  Probe x2  
  33  2:50  Probe  
  33  2:52  Probe  
  33  2:53  Shield Battery  
  33  2:58  Oracle  
  35  3:02  Probe  
  35  3:04  Probe  
  40  3:15  Probe  
  40  3:16  Probe  
  43  3:27  Pylon, Probe  
  43  3:28  Probe  
  44  3:34  Gateway x2  
  44  3:35  Oracle  
  44  3:39  Probe  
  44  3:40  Probe  
  49  3:51  Probe  
  49  3:52  Probe  
  51  3:57  Assimilator  
  51  3:58  Assimilator  
  51  4:00  Pylon  
  51  4:03  Probe  
  51  4:04  Probe  
  53  4:11  Oracle  
  53  4:15  Probe  
  54  4:18  Probe  
  54  4:19  Pylon  
  58  4:27  Probe  
  58  4:30  Probe  
  60  4:32  Twilight Council, Forge  
  60  4:35  Pylon  
  60  4:39  Probe  
  60  4:40  Blink, Pylon  
  60  4:42  Probe  
  60  4:44  Sentry  
  60  4:45  Stalker x2  
  69  4:56  Gateway x2  
  69  4:58  Protoss Ground Weapons Level 1  
  68  5:01  Gateway  
  68  5:08  Pylon  
  68  5:16  Stalker x2  
  68  5:20  Stalker  
  68  5:44  Nexus, Stalker x3  
  74  5:50  Probe  
  74  5:51  Probe  
  74  5:53  Pylon  
  74  5:56  Phoenix  
  78  6:03  Probe x2  
  80  6:14  Sentry  
  80  6:15  Sentry, Stalker x2, Probe x2  
  90  6:20  Shield Battery  
  90  6:26  Stalker x2  
  90  6:27  Probe x2  
  90  6:31  Charge  
  96  6:33  Pylon  
  96  6:36  Robotics Facility  
  96  6:39  Probe x2  
  98  6:49  Protoss Ground Armor Level 1  
  98  6:51  Probe x2  
  100  6:58  Probe  
  100  7:00  Stalker x2  
  105  7:03  Probe x2  
  105  7:07  Assimilator  
  107  7:10  Probe  
  107  7:12  Assimilator  
  107  7:15  Probe x2  
  110  7:19  Pylon  
  111  7:22  Gateway, Probe  
  111  7:23  Gateway  
  111  7:24  Observer  
  111  7:25  Pylon  
  113  7:31  Pylon, Robotics Bay  
  113  7:36  Immortal  
  113  7:37  Stalker x3  
  118  7:48  Probe x2  
  124  7:53  Zealot x3  
  130  8:01  Pylon x2  
  130  8:07  Photon Cannon, Pylon  
  130  8:08  Pylon  
  130  8:10  Disruptor  
  127  8:28  Stalker x3  
  127  8:29  Stalker x3  
  137  8:38  Disruptor  
  126  8:41  Probe  
  126  8:44  Stalker x2  
  126  8:45  Probe  
  119  8:52  Probe  
  114  9:00  Stalker x6  
Tags
 
Add a new tag
Caveats
  • Supply blocks, unpowered buildings, or Contaminate may cause inaccurate times.
  • Supply counts are checked every 10 seconds.